 Dungeon Crawl Stone Soup version 0.17-a0-2118-g63bad21 (webtiles) character file.

76 4thArraOfDagon the Poker (level 4, -4/34 HPs)
             Began as a Demonspawn Gladiator on Oct 20, 2015.
             Was an Initiate of Dithmenos.
             Killed by nerve-wracking pain
             ... invoked by an orc priest
              (9 damage)
             ... on level 4 of the Dungeon.
             The game lasted 00:02:12 (484 turns).

4thArraOfDagon the Poker (Demonspawn Gladiator)      Turns: 484, Time: 00:02:12

Health: -4/34      AC:  7    Str: 20    XL:     4   Next: 12%
Magic:  5/5        EV: 12    Int: 11    God:    Dithmenos [......]
Gold:   55         SH:  0    Dex: 15    Spells: 0 memorised, 3 levels left

rFire  . . .     SeeInvis .     a - +0 trident
rCold  . . .     Clarity  .     n - +0 ring mail
rNeg   . . .     SustAt   .     (no shield)
rPois  .         Gourm    .     c - +0 helmet
rElec  .         Spirit   .     b - +0 cloak
rCorr  .         Warding  .     (no gloves)
rMut   .         Stasis   .     (no boots)
MR     .....                    (no amulet)
Stlth  +.........               (no ring)
                                (no ring)

@: mighty, very slightly contaminated, hasted, very quick, not resistant to
hostile enchantments, very unstealthy
A: thin skeletal structure 1
a: Renounce Religion


You were on level 4 of the Dungeon.
You worshipped Dithmenos.
Dithmenos was noncommittal.
You were not hungry.

You visited 1 branch of the dungeon, and saw 4 of its levels.

You collected 55 gold pieces.

Inventory:

Hand Weapons
 a - a +0 trident (weapon)
Missiles
 d - 2 throwing nets (quivered)
Armour
 b - a +0 cloak (worn)
 c - a +0 helmet (worn)
 n - a +0 ring mail (worn)
Scrolls
 f - a scroll of magic mapping {unknown}
 h - a scroll of immolation {unknown}
 j - a scroll of remove curse {unknown}
 k - 2 scrolls of identify {unknown}
 m - 2 scrolls of teleportation {unknown}
Comestibles
 e - 5 bread rations
 g - a royal jelly
 i - 2 meat rations


   Skills:
 + Level 2.5 Fighting
 * Level 3.6 Polearms
 - Level 1.7 Throwing
 + Level 3.1 Dodging
 + Level 1.6 Invocations


You had 3 spell levels left.
You didn't know any spells.

Dungeon Overview and Level Annotations

Branches:
Dungeon (4/15)
 Temple: D:4-7

Altars:
Dithmenos
Nemelex Xobeh
Vehumet

Annotations:
D:1 exclusion: door


Innate Abilities, Weirdness & Mutations

You have a somewhat thin skeletal structure (Dex +2, Stealth).


Message History

Unknown command.
An orc comes into view. It is wielding a flail.
Unknown command.
Attack whom?
Press: ? - help, Dir - move target cursor, f - orc
Aim: an orc, wielding a flail and wearing a ring mail You reach to attack!
You barely miss the orc. You hit the orc.
The orc is moderately wounded.
You hit the orc.
You kill the orc!
Dithmenos accepts your kill.
Unknown command.
You puncture the orc priest!
The orc priest is heavily wounded.
You hit the orc priest.
The orc priest is almost dead.
The orc priest mumbles some strange prayers to Beogh against you.
Pain shoots through your body!
You die...

###### #
#.oo)########
####.##.##@()<....#
#.....o.#########.#
#.##o#### .o #.# #


You could see an orc priest and an orc.

Vanquished Creatures
  An orc priest (D:4)
  An orc wizard (D:4)
  A giant gecko (D:2)
  6 orcs
  A hobgoblin (D:2)
  3 rats (D:1)
13 creatures vanquished.

Notes
Turn   | Place    | Note
--------------------------------------------------------------
     0 | D:1      | 4thArraOfDagon the Demonspawn Gladiator began the quest for the Orb.
     0 | D:1      | Reached XP level 1. HP: 16/16 MP: 1/1
    63 | D:2      | Reached skill level 3 in Polearms
   172 | D:2      | Found a radiant altar of Vehumet.
   189 | D:3      | Found a sparkling altar of Nemelex Xobeh.
   213 | D:3      | Found a shadowy altar of Dithmenos.
   251 | D:3      | Gained mutation: You have a somewhat thin skeletal structure (Dex +2, Stealth). [demonic ancestry]
   251 | D:3      | Reached XP level 2. HP: 22/22 MP: 2/2
   269 | D:3      | Became a worshipper of Dithmenos the Shadowed
   415 | D:4      | Noticed a slave
   444 | D:4      | Reached skill level 1 in Invocations
   444 | D:4      | Reached XP level 3. HP: 9/28 MP: 3/3
   452 | D:4      | Reached XP level 4. HP: 3/34 MP: 3/5
   484 | D:4      | Killed from afar by an orc priest

Vault maps used:
D:1:      minmay_arrival_cross
D:2:      lemuel_coloured_pillars_altar, ecumenical_altar_1, kennysheep_boxes
D:3:      lemuel_round_altar, grunt_dithmenos_smoke, lemuel_doored_altar,
          first_bread, corexii_hall_statues_i
D:4:      minitemple, tgw_fedhas, uniq_pikel, uniq_sigmund

Action                   |  1- 3 |  4- 6 || total
-------------------------+-------+-------++-------
Melee: Trident           |    23 |     9 ||    32
Throw: Throwing net      |     2 |       ||     2
  Use: Potion            |     1 |     1 ||     2
 Stab: Sleeping          |     1 |       ||     1
       Held in net/web   |     1 |       ||     1
